 Dungeon Crawl Stone Soup version 0.24-a0-201-gf205589 (webtiles) character file.

Game seed: 8394529855465218503

67 Borgoz the Vandal (level 4, 0/29 HPs)
             Began as a Halfling Hunter on Mar 24, 2019.
             Slain by a worker ant (3 damage)
             ... on level 1 of the Dungeon.
             The game lasted 00:03:29 (1355 turns).

Borgoz the Vandal (Halfling Hunter)                 Turns: 1355, Time: 00:03:30

Health: 0/29       AC:  6    Str: 11 (13) XL:     4   Next: 38%
Magic:  4/4        EV: 13    Int:  7 (10) God:
Gold:   59         SH:  0    Dex: 13 (14) Spells: 4/4 levels left

rFire    + . .     SeeInvis .   b - +0 short sword
rCold    + . .     Gourm    .   (shield restricted)
rNeg     . . .     Faith    .   g - +0 ring mail
rPois    +         Spirit   .   (no helmet)
rElec    +         Reflect  .   k - +0 cloak
rCorr    +         Harm     .   (no gloves)
MR       .....                  (no boots)
Stlth    +.........             (no amulet)
HPRegen  0.09/turn              (no ring)
MPRegen  0.09/turn              (no ring)

@: resistant
A: small, mutation resistance 1
a: no special abilities


You were on level 1 of the Dungeon.
You were hungry.

You visited 1 branch of the dungeon, and saw 2 of its levels.

You collected 59 gold pieces.

Inventory:

Hand Weapons
 a - a +1 hunting sling
 b - a +0 short sword (weapon)
Missiles
 d - 20 sling bullets
 e - 21 stones (quivered)
Armour
 g - a +0 ring mail (worn)
 k - a +0 cloak (worn)
Comestibles
 c - 7 chunks of flesh
 f - 2 rations


   Skills:
 + Level 2.0 Fighting
 + Level 1.0 Short Blades
 + Level 6.6(6.7) Slings
 + Level 0.6(2.9) Throwing
 * Level 1.1 Armour
 * Level 2.7 Dodging
 + Level 1.3 Stealth
 + Level 0.6 Spellcasting


You had 4 spell levels left.
You didn't know any spells.
Your spell library was empty.

Dungeon Overview and Level Annotations

Branches:
Dungeon (2/15)

Altars:
Okawaru


Innate Abilities, Weirdness & Mutations

You are small and have problems with some larger weapons.
You are somewhat resistant to further mutation.


Message History

The worker ant bites you but does no damage.
Your ring mail prevents you from hitting the worker ant.
The worker ant is moderately wounded.
The worker ant barely misses you.
You hit the worker ant.
The worker ant is heavily wounded.
The worker ant closely misses you.
You hit the worker ant but do no damage.
The worker ant is heavily wounded.
The worker ant barely misses you.
You closely miss the worker ant.
The worker ant is heavily wounded.
The worker ant closely misses you.
The worker ant waves its antennae.
The worker ant bites you.
* * * LOW HITPOINT WARNING * * *
You barely miss the worker ant.
The worker ant is heavily wounded.
The worker ant bites you.
You die...

...#
#...#.#.#..###.#.#.#####
...#
#....#.#.#.....#.#.....#
...#
#...#(.[#...#..#.#######
...# #....#.#....####....#
...# #...#.#.#...#.(...#.#
...# #...........#.###.#.#
#### ###...#.#..#........#
#...#.#..#..###.###
#...#.##@...#...#
##....##a#....###
################.###########
.........§....(≈.≈§§..§....#
...≈≈≈≈≈§≈§≈≈§≈≈.§§≈§≈.....#
...§.(..§...§§.....§.≈..$..#
...≈..###########'##.≈.....#
...≈..##..........##.≈.....#
...§.§##.........###.≈.....#


You could see a worker ant.

Vanquished Creatures
  An adder (D:2)
  2 oozes (D:1)
  5 dart slugs (D:1)
  2 leopard geckos (D:1)
  2 ball pythons (D:1)
  3 bats (D:1)
  A giant cockroach (D:2)
  5 goblins (D:1)
  5 hobgoblins
  5 kobolds (D:1)
  5 rats (D:1)
36 creatures vanquished.

Notes
Turn   | Place    | Note
-------+----------+-------------------------------------------
     0 | D:1      | Borgoz the Halfling Hunter began the quest for the Orb.
     0 | D:1      | Reached XP level 1. HP: 14/14 MP: 1/1
     9 | D:1      | Reached skill level 6 in Slings
    55 | D:1      | Reached XP level 2. HP: 15/19 MP: 2/2
   359 | D:1      | Reached XP level 3. HP: 24/24 MP: 3/3
   787 | D:1      | Reached skill level 1 in Armour
   811 | D:1      | Reached XP level 4. HP: 15/29 MP: 4/4
  1275 | D:2      | Reached skill level 1 in Short Blades
  1307 | D:2      | Found an iron altar of Okawaru.
  1355 | D:1      | Slain by a worker ant

Levels and vault maps discovered:
D:1:      erik_arrival_gehennom, layout_basic, minmay_tiny_reverse_x
D:2:      layout_basic, okawaru_ov_weapons_minmay, first_ration, uniq_sigmund

Skill      XL: |  1  2  3  4 |
---------------+-------------+-----
Slings         | 6 |  6.6
Armour         | 1 |  1.1
Fighting       | 2 |  2.0
Short Blades   | 1 |  1.0
Throwing       | |  0.6
Dodging        | |  2.7
Stealth        | |  1.3
Spellcasting   | |  0.6

Action                   |  1- 3 |  4- 6 || total
-------------------------+-------+-------++-------
Melee: Short sword       |    77 |    49 ||   126
 Fire: Hunting sling     |    30 |    11 ||    41
  Use: Potion            |       |     2 ||     2
  Eat: Chunk             |       |     1 ||     1
Armor: Leather armour    |    12 |       ||    12
       Ring mail         |    14 |    33 ||    47
Dodge: Dodged            |    57 |    35 ||    92

Table legend:
 A = Non-vault XP
 B = Vault XP
 C = Vault XP percentage of total XP
 D = Non-vault monster count
 E = Vault monster count
 F = Vault count percentage of total count
                 A         B        C        D         E       F
            +---------+---------+-------+---------+---------+-------
      Total |      75 |      21 |  21.9 |      29 |       7 |  19.4
            +---------+---------+-------+---------+---------+-------
        D:1 |      58 |      21 |  26.6 |      26 |       7 |  21.2
        D:2 |      17 |       0 |   0.0 |       3 |       0 |   0.0
            +---------+---------+-------+---------+---------+-------
